 Dungeon Crawl Stone Soup version 0.29-a0-477-g62b78b4225 (webtiles) character file.

Game seed: 15786565750167355039

664 jlumianski the Chopper (level 7, -1/57 HPs)
             Began as a Demonspawn Fighter on May 25, 2022.
             Was an Initiate of Wu Jian.
             Slain by an orc warrior
             ... wielding a +0 halberd
              (10 damage)
             ... on level 4 of the Dungeon.
             The game lasted 00:19:25 (5376 turns).

jlumianski the Chopper (Demonspawn Fighter)         Turns: 5376, Time: 00:19:26

Health: -1/57      AC: 11    Str: 18    XL:     7   Next: 31%
Magic:  7/7        EV:  7    Int: 10    God:    Wu Jian [......]
Gold:   201        SH:  5    Dex: 12    Spells: 6/6 levels left

rFire   . . .      SeeInvis .   a - +0 war axe
rCold   . . .      Faith    .   c - +0 buckler
rNeg    . . .      Spirit   .   o - +0 chain mail
rPois   .          Reflect  .   (helmet restricted)
rElec   .          Harm     .   (no cloak)
rCorr   .          Rampage  .   (no gloves)
Will    .....                   (no boots)
Stlth   ..........              (no amulet)
HPRegen 0.19/turn               (no ring)
MPRegen 0.20/turn               (no ring)

@: no status effects
A: antennae 1, rugged brown scales 2, demonic guardian 1, magic regeneration
a: Renounce Religion


You were on level 4 of the Dungeon.
You worshipped Wu Jian.
Wu Jian was noncommittal.
You visited 1 branch of the dungeon, and saw 5 of its levels.
You also visited: Sewer.

You collected 201 gold pieces.

Inventory:

Hand Weapons
 a - a +0 war axe (weapon)
 m - a +0 whip of flaming
Missiles
 e - 53 stones (quivered)
 g - 9 poisoned darts
 s - 2 throwing nets
Armour
 b - a +0 scale mail
 c - a +0 buckler (worn)
 d - a +0 troll leather armour {Pargi}
 o - a +0 chain mail (worn)
Jewellery
 j - a +6 ring of strength
Wands
 t - a wand of iceblast (8)
Scrolls
 l - 2 scrolls of teleportation
 r - a scroll of silence
 u - a scroll of identify
Potions
 f - 2 potions of cancellation
 h - 2 potions of brilliance
 i - a potion of haste
 k - a potion of flight
 p - 2 potions of resistance
 q - a potion of might
 v - a potion of curing {unknown}
 w - a potion of degeneration {unknown}


   Skills:
 + Level 4.4 Fighting
 + Level 4.9 Axes
 + Level 4.0 Armour
 + Level 1.0 Dodging
 + Level 0.4 Stealth
 + Level 4.2 Shields


You had 6 spell levels left.
You didn't know any spells.
Your spell library contained the following spells:

 Spells                   Type           Power      Damage    Failure   Level
 Fulminant Prism          Conj/Hex       0%         3d6       100%        4
 Iskenderun's Mystic Bla  Conj/Tloc      0%         2d3       100%        4
 Petrify                  Tmut/Erth      0%         N/A       100%        4
 Lee's Rapid Deconstruct  Erth           0%         3d5*      100%        5
 Metabolic Englaciation   Hex/Ice        0%         N/A       100%        5
 Statue Form              Tmut/Erth      0%         N/A       100%        6


Dungeon Overview and Level Annotations

Branches:
Dungeon (5/15)              Sewer (visited)
 Temple: D:4-7

Altars:
Wu Jian
Beogh


Innate Abilities, Weirdness & Mutations

You have a pair of small antennae on your head.
You are mostly covered in rugged brown scales. (AC +2, +5% HP)
A weak demonic guardian rushes to your aid.
You regenerate magic rapidly.


Message History

Found a +0 leather armour.
The orc throws a boomerang.
The boomerang hits you but does no damage.
You lunge at the orc.
You closely miss the orc.
The orc priest shouts!
The orc warrior shouts!
You hit the orc but do no damage. The orc hits you with a +0 flail.
You block the orc's attack.
A giant cockroach comes into view.
The orc attacks as you move away! The orc hits you but does no damage.
You slash the orc!
You kill the orc!
The Council accepts your kill.
The orc priest looks satisfied for a moment.
You lunge at the orc priest.
You slash the orc priest!
You kill the orc priest!
The Council accepts your kill.
Items here: $ ) [ †.
You lunge at the orc warrior, but your attack speed is too slow for a blow to land.
The orc warrior hits you with a +0 halberd!
Items here: $ ) [ †.
You slash the orc warrior!
The orc warrior is heavily wounded.
The orc warrior hits you with a +0 halberd.
You hit the orc warrior but do no damage.
The orc warrior is heavily wounded.
The orc warrior closely misses you.
The orc warrior hits you with a +0 halberd!
You slash the orc warrior!
The orc warrior is severely wounded.
The orc warrior hits you with a +0 halberd!
You hit the orc warrior but do no damage.
The orc warrior is severely wounded.
The orc warrior hits you with a +0 halberd!
* * * LOW HITPOINT WARNING * * *
A demonic guardian appears!
You barely miss the orc warrior.
The orc warrior is severely wounded.
The orc warrior hits you with a +0 halberd!
You die...

#.#..#.#.....###.###
#.#..#.#.##......# ###########
#.#....#.############
..........#####.................>
#######.##.....##...#############
#...................#
#...≈≈......#.......#
##...≈≈..♣♣..#.......#
####........♣♣@..#......#
..#........5.o..#......#
#....##.._......#......#
##..##.....≈≈..#....###
#.........≈≈..##...#
#######.)..##.....## ....
..o...#....##.....# .....
##...###.........#.#
#....).##.....##..#


You could see an orc warrior (ally target) and a friendly iron imp (summoned).

Vanquished Creatures
  Sigmund (D:2)
  Pargi (Sewer)
  2 hounds
  An orc priest (D:4)
  Terence (D:2)
  Natasha (thrice) (D:2)
  An orc wizard (D:4)
  5 gnolls
  4 adders
  An ufetubus (D:4)
  3 dart slugs
  3 orcs
  15 bats
  9 endoplasms
  6 giant cockroaches
  7 goblins
  5 hobgoblins
  11 kobolds
  3 quokkas
  5 ball pythons
  7 frilled lizards
  10 rats
104 creatures vanquished.

Notes
Turn   | Place    | Note
-------+----------+-------------------------------------------
     0 | D:1      | jlumianski the Demonspawn Fighter began the quest for the
                  | Orb.
     0 | D:1      | Reached XP level 1. HP: 18/18 MP: 1/1
    52 | D:1      | Gained mutation: You are partially covered in rugged brown
                  | scales. (AC +1, +3% HP) [demonic ancestry]
    52 | D:1      | Reached XP level 2. HP: 5/24 MP: 2/2
   543 | D:2      | Noticed Natasha
   689 | D:1      | Gained mutation: You are mostly covered in rugged brown
                  | scales. (AC +2, +5% HP) [demonic ancestry]
   689 | D:1      | Reached XP level 3. HP: 12/30 MP: 3/3
  2139 | D:3      | Gained mutation: A weak demonic guardian rushes to your
                  | aid. [demonic ancestry]
  2139 | D:3      | Reached XP level 4. HP: 26/35 MP: 4/4
  2192 | D:3      | Found a glowing drain.
  2241 | Sewer    | Entered a sewer
  2307 | Sewer    | Noticed Pargi
  2320 | Sewer    | Killed Pargi
  2321 | Sewer    | Gained mutation: You regenerate magic rapidly. [demonic
                  | ancestry]
  2321 | Sewer    | Reached XP level 5. HP: 25/44 MP: 5/5
  2711 | D:2      | Noticed Sigmund
  2721 | D:2      | Killed Sigmund
  2722 | D:2      | Reached skill level 1 in Dodging
  2722 | D:2      | Reached XP level 6. HP: 29/50 MP: 6/6
  3428 | D:2      | Killed Natasha
  3574 | D:2      | Noticed Terence
  3597 | D:2      | Killed Terence
  3735 | D:2      | Noticed Natasha
  3740 | D:2      | Killed Natasha
  3970 | D:2      | Noticed Natasha
  3987 | D:2      | Killed Natasha
  3988 | D:2      | Gained mutation: You have a pair of small antennae on your
                  | head. [demonic ancestry]
  3988 | D:2      | Reached XP level 7. HP: 37/57 MP: 7/7
  4556 | D:3      | Found a faded altar of an unknown god.
  4726 | D:4      | Found an ornate altar of the Wu Jian Council.
  4755 | D:4      | Became a worshipper of the Wu Jian Council
  5302 | D:5      | Entered Level 5 of the Dungeon
  5376 | D:4      | Slain by an orc warrior

Illustrated notes

Levels and vault maps discovered:
D:1:      wheals_arrival_linesprint, layout_basic, minmay_misc_feat_plants,
          grunt_decor_resistance, hex_medium, minmay_hexomino_u4
D:2:      minmay_alternating_diamond, layout_loops_corners,
          grunt_decor_arrowhead, chequers_serial_rivers_room_a, uniq_natasha,
          uniq_sigmund, uniq_terence
D:3:      layout_loops_ring, hellmonk_ecumenical_altar_defaced_shrine,
          cheibrodos_sewer_entry_drain, eino_tiny_chamber
D:4:      layout_basic, tso_metal_star, nicolae_wu_jian_wuxing_cycle,
          guppyfry_early_orc_mine
D:5:      layout_basic, ashenzari_altar_1, makhleb_blood_cavern_becter,
          minmay_diced_spiral

Skill      XL: |  1  2  3  4  5  6  7 |
---------------+----------------------+-----
Armour         | 3 4 |  4.0
Shields        | 3 4 |  4.2
Axes           | 2 3 4 |  4.9
Dodging        | 1 |  1.0
Fighting       | 4 |  4.4
Stealth        | |  0.4

Action                   |  1- 3 |  4- 6 |  7- 9 || total
-------------------------+-------+-------+-------++-------
Melee: War axe           |   140 |   168 |    76 ||   384
Invok: Lunge             |       |       |     3 ||     3
  Use: Scroll            |     2 |     5 |     3 ||    10
       Potion            |     1 |     3 |     1 ||     5
Armor: Scale mail        |    38 |       |       ||    38
       Chain mail        |    43 |   152 |    47 ||   242
Dodge: Dodged            |    51 |    99 |    33 ||   183
Block: Buckler           |    33 |    57 |    22 ||   112

Table legend: (Time is in decaauts)
 A = Elapsed time spent in this place.
 B = Non-inter-level travel time spent in this place.
 C = Inter-level travel time spent in this place.
 D = Time resting spent in this place.
 E = Time spent auto-exploring this place.
 F = Levels seen in this place.
 G = Mean time per level.
                   A        B        C        D        E       F      G
               +--------+--------+--------+--------+--------+-----+--------+
         Total |   5562 |   5499 |     63 |   1006 |   2246 |   6 |  927.0 |
       Dungeon |   5287 |   5224 |     63 |    882 |   2246 |   5 | 1057.4 |
         Sewer |    275 |    275 |      0 |    124 |      0 |   1 |  275.0 |
               +--------+--------+--------+--------+--------+-----+--------+

Top non-repeatable levels by time:
     D:2: 1915 daAuts
     D:1: 1795 daAuts
     D:3: 826 daAuts
     D:4: 747 daAuts
   Sewer: 275 daAuts
     D:5: 1 daAuts
